 Dungeon Crawl Stone Soup version 0.26.1-11-gd32895ea62 (webtiles) character file.

Game seed: 14633369923604753033

2831 dtburroughs the Fighter (level 9, 0/81 HPs)
             Began as a Minotaur Berserker on June 23, 2021.
             Was an Elder of Trog.
             Slain by Erica
             ... wielding a +4 scimitar of flaming
              (2 damage)
             ... on level 8 of the Dungeon.
             The game lasted 00:15:17 (8716 turns).

dtburroughs the Fighter (Minotaur Berserker)        Turns: 8716, Time: 00:15:18

Health: 0/81       AC: 16    Str: 25    XL:     9   Next: 45%
Magic:  8/8        EV: 14    Int: 14    God:    Trog [****..]
Gold:   546        SH:  0    Dex: 10    Spells: 8/8 levels left

rFire    . . .     SeeInvis .   a - +0 hand axe
rCold    . . .     Faith    +   (no shield)
rNeg     . . .     Spirit   .   s - +4 ring mail of Yredelemnul's Pride {*Contam Regen+ Str+3 Int+7}
rPois    +         Reflect  .   (helmet restricted)
rElec    .         Harm     .   w - +0 cloak
rCorr    .         Rampage  .   (no gloves)
Will     .....                  (no boots)
Stlth    ..........             t - amulet of faith
HPRegen  0.63/turn              b - +4 ring of protection
MPRegen  0.11/turn              y - ring of poison resistance

@: mighty, lethally poisoned (0 -> 0)
A: retaliatory headbutt, horns 2
a: Renounce Religion, Berserk, Trog's Hand, Brothers in Arms


You were on level 8 of the Dungeon.
You worshipped Trog.
Trog was greatly pleased with you.
You visited 1 branch of the dungeon, and saw 8 of its levels.

You collected 546 gold pieces.

Inventory:

Hand Weapons
 a - a +0 hand axe (weapon)
 h - a +1 whip of flaming
Armour
 c - a +0 plate armour
 s - the +4 ring mail of Yredelemnul's Pride (worn) {*Contam Regen+ Str+3 Int+7}
   (You found it on level 4 of the Dungeon)

   It affects your strength (+3).
   It affects your intelligence (+7).
   It causes magical contamination when unequipped.
   It increases your rate of regeneration.
 w - a +0 cloak (worn)
 x - a +0 pair of boots
Jewellery
 b - a +4 ring of protection (left hand)
 g - an uncursed ring of resist corrosion {unknown}
 r - a +6 ring of dexterity
 t - an amulet of faith (around neck)
 y - a ring of poison resistance (right hand)
 z - an uncursed amulet of the acrobat {unknown}
 A - a cursed ring of attention {unknown}
Wands
 j - a wand of polymorph (2)
 v - a wand of flame (18)
Scrolls
 e - 3 scrolls of magic mapping
 f - a scroll of fog {unknown}
 i - a scroll of amnesia {unknown}
 l - 3 scrolls of remove curse
 n - 2 scrolls of fear
 p - a scroll of random uselessness {unknown}
 u - 6 scrolls of teleportation
Potions
 d - 2 potions of ambrosia {unknown}
 k - 5 potions of might
 m - 5 potions of curing {unknown}
 o - 2 potions of flight {unknown}
 q - 2 potions of attraction {unknown}


   Skills:
 + Level 8.0 Fighting
 + Level 8.0 Axes
 + Level 7.5 Armour
 + Level 6.8 Dodging
 + Level 4.7 Evocations


You had 8 spell levels left.
You didn't know any spells.
Your spell library was empty.

Dungeon Overview and Level Annotations

Branches:
Dungeon (8/15)             Temple (0/1) D:4
   Lair: D:8-11

Altars:
Cheibriados
Hepliaklqana
Okawaru
Ru
Wu Jian
Zin

Shops:
D:8 [

Annotations:
D:7 2 transporters
D:8 Erica


Innate Abilities, Weirdness & Mutations

You reflexively headbutt those who attack you in melee.
You have a pair of horns on your head.


Message History

You barely miss something. You headbutt something. Something hits you.
Something burns you.
* * * LOW HITPOINT WARNING * * *
You slash something! Your headbutt misses something. You hit something.
You hear some strange, mumbled words.
A bolt of poison appears from out of thin air!
The bolt of poison hits you! You resist.
* * * LOW HITPOINT WARNING * * *
You hit something but do no damage. Your headbutt misses something.
Something hits you.
* * * LOW HITPOINT WARNING * * *
Something burns you.
* * * LOW HITPOINT WARNING * * *
You feel very mighty all of a sudden.
You feel sick. Something hits you but does no damage.
You closely miss something. Something hits you!
* * * LOW HITPOINT WARNING * * *
Something burns you.
You die...

.. #..∩.#........ # ...
#....#.....<.. #. #+ #.#
#....#########
#..##.##.#####.........#.
#............#.........#.
#............#.........#.
#............+.........+. ##+
#..# #.........#+
##..####.@######+###+##...
#........{...# #...
#.....).<....# #... .
#............# #... #.
##....##..####. ###...
#..##....########.######.##..
#........# .............'..
.........# .............#..
#..###..#######..###'######..


There were no monsters in sight!

Vanquished Creatures
  Grinder (D:4)
  Sigmund (D:4)
  A hornet zombie (D:7)
  3 orc warriors
  An ice beast (D:6)
  A phantom (D:5)
  2 ogres
  3 centaurs
  A big kobold (D:8)
  3 bullfrogs
  Blork the orc (D:5)
  3 howler monkeys
  A quasit (D:4)
  A bullfrog zombie (D:5)
  4 hounds
  A jelly (D:5)
  A gnoll shaman (D:5)
  3 orc priests
  A centaur skeleton (D:6)
  10 orc wizards
  3 worker ants
  A hound zombie (D:6)
  A howler monkey zombie (D:6)
  10 gnolls
  8 adders
  A howler monkey skeleton (D:4)
  A white imp (D:6)
  2 adder zombies
  An adder skeleton (D:7)
  2 worms
  5 dart slugs
  7 leopard geckos
  23 orcs
  2 ball pythons
  8 giant cockroaches
  7 goblins
  3 hobgoblins
  6 jackals
  5 quokkas
  A ball python skeleton (D:4)
  11 bats
  4 frilled lizards
  13 kobolds
  A quokka skeleton (D:2)
  9 rats
178 creatures vanquished.

Vanquished Creatures (others)
  4 plants (D:2)
4 creatures vanquished.

Grand Total: 182 creatures vanquished

Notes
Turn   | Place    | Note
-------+----------+-------------------------------------------
     0 | D:1      | dtburroughs the Minotaur Berserker began the quest for the
                  | Orb.
     0 | D:1      | Reached XP level 1. HP: 19/19 MP: 0/0
   227 | D:1      | Reached XP level 2. HP: 26/27 MP: 1/1
   732 | D:1      | Reached XP level 3. HP: 33/33 MP: 2/2
  1033 | D:2      | Reached ** piety under Trog
  1103 | D:2      | Reached XP level 4. HP: 41/41 MP: 3/3
  2140 | D:3      | Reached *** piety under Trog
  2192 | D:3      | Reached XP level 5. HP: 47/47 MP: 4/4
  2565 | D:4      | Got a heavily runed ring mail
  2589 | D:4      | Found a staircase to the Ecumenical Temple.
  2598 | D:4      | Noticed Sigmund
  2606 | D:4      | Killed Sigmund
  2607 | D:4      | Reached skill level 5 in Fighting
  2607 | D:4      | Reached skill level 5 in Axes
  2607 | D:4      | Reached skill level 1 in Evocations
  2607 | D:4      | Reached XP level 6. HP: 56/56 MP: 5/5
  2618 | D:4      | Noticed Grinder
  2634 | D:4      | Killed Grinder
  2635 | D:4      | Reached XP level 7. HP: 45/61 MP: 6/6
  2832 | D:4      | Reached skill level 5 in Armour
  3728 | D:5      | Entered Level 5 of the Dungeon
  4050 | D:5      | Reached skill level 5 in Dodging
  4209 | D:5      | Reached XP level 8. HP: 57/70 MP: 7/7
  4376 | D:5      | Found an ornate altar of the Wu Jian Council.
  4448 | D:5      | Noticed Blork the orc
  4467 | D:5      | Killed Blork the orc
  5410 | D:6      | Found a hazy altar of Hepliaklqana.
  5722 | D:6      | Reached **** piety under Trog
  5889 | D:6      | Found an iron altar of Okawaru.
  6075 | D:6      | Found a snail-covered altar of Cheibriados.
  6078 | D:6      | Found a sacrificial altar of Ru.
  6182 | D:7      | Reached XP level 9. HP: 79/79 MP: 8/8
  6236 | D:7      | Found a glowing silver altar of Zin.
  6396 | D:7      | Found a transporter.
  6399 | D:7      | Found a transporter.
  6621 | D:7      | Noticed a centaur warrior
  6621 | D:7      | Noticed a cyclops
  6622 | D:7      | Found an iron altar of Okawaru.
  8171 | D:7      | Identified the +4 ring mail of Yredelemnul's Pride {*Contam
                  | Regen+ Str+3 Int+7} (You found it on level 4 of the
                  | Dungeon)
  8279 | D:8      | Found Nihaut's Antique Armour Boutique.
  8675 | D:8      | Noticed Erica
  8689 | D:8      | Paralysed by something for 2 turns
  8696 | D:8      | Paralysed by something for 4 turns
  8716 | D:8      | HP: 2/81 [something (9)]
  8716 | D:8      | Slain by Erica

Illustrated notes

Levels and vault maps discovered:
D:1:      zelgadis_glass_arrival_small, layout_rooms, grunt_decor_fettered,
          minmay_pentomino_v4
D:2:      layout_rooms, guppyfry_early_lair_pool
D:3:      layout_basic
D:4:      layout_layer_cave, minmay_temple_entry_glassed_door,
          skrybe_limestone_x, uniq_sigmund, uniq_grinder
D:5:      layout_loops_cross, nicolae_overflow_crystal_walls, uniq_blork_the_orc
D:6:      layout_cave_pools, minitemple, basic_altar, okawaru_gym_becter
D:7:      layout_gridville, zin_academy, gammafunk_temple_overflow_arena
D:8:      layout_gridville, grunt_temple_overflow_open, serial_shops, shop,
          uniq_erica

Skill      XL: |  1  2  3  4  5  6  7  8  9 |
---------------+----------------------------+-----
Axes           | 4 5 6 7 8 |  8.0
Fighting       | 4 5 6 7 8 |  8.0
Armour         | 3 4 5 6 7 |  7.5
Dodging        | 3 4 5 6 |  6.8
Evocations     | 1 2 4 |  4.7

Action                   |  1- 3 |  4- 6 |  7- 9 || total
-------------------------+-------+-------+-------++-------
Melee: Hand axe          |    73 |   117 |   382 ||   572
       Headbutt          |    10 |    18 |    83 ||   111
Invok: Trog's Hand       |       |     1 |     6 ||     7
       Berserk           |       |       |     3 ||     3
Evoke: Wand              |       |       |     1 ||     1
  Use: Scroll            |       |       |     5 ||     5
       Potion            |       |       |     1 ||     1
Armor: Animal skin       |     5 |       |       ||     5
       Scale mail        |    22 |    72 |   103 ||   197
       Skin              |       |     2 |       ||     2
       Ring mail         |       |       |    20 ||    20
Dodge: Dodged            |    66 |    77 |   201 ||   344
